 Dungeon Crawl Stone Soup version 0.19-a0-1268-g6c5d9f8 (webtiles) character file.

56 Kidiri the Magician (level 3, -2/19 HPs)
             Began as a Deep Elf Fire Elementalist on Aug 29, 2016.
             Killed by nerve-wracking pain
             ... invoked by Jessica
              (13 damage)
             ... on level 2 of the Dungeon.
             The game lasted 00:02:58 (915 turns).

Kidiri the Magician (Deep Elf Fire Elementalist)     Turns: 915, Time: 00:02:59

Health: -2/19      AC:  2    Str:  5    XL:     3   Next: 69%
Magic:  11/11      EV: 13    Int: 20    God:
Gold:   130        SH:  0    Dex: 15    Spells: 4 memorised, 2 levels left

rFire  . . .     SeeInvis .     k - +0 dagger
rCold  . . .     Gourm    .     a - +0 robe
rNeg   . . .     Faith    .     (no shield)
rPois  .         Spirit   .     (no helmet)
rElec  .         Dismiss  .     (no cloak)
rCorr  .         Reflect  .     (no gloves)
MR     .....     Harm     +     (no boots)
Stlth  ++........               o - amulet of harm
                                (no ring)
                                (no ring)

@: no status effects
A: no striking features
a: no special abilities


You were on level 2 of the Dungeon.
You were not hungry.

You visited 1 branch of the dungeon, and saw 2 of its levels.

You collected 130 gold pieces.

Inventory:

Hand Weapons
 k - a +0 dagger (weapon)
Armour
 a - a +0 robe (worn)
Jewellery
 o - an amulet of harm (around neck)
Scrolls
 e - 2 scrolls of magic mapping {unknown}
 g - 3 scrolls of remove curse {unknown}
 i - a scroll of recharging {unknown}
 j - a scroll of amnesia {unknown}
 l - 2 scrolls of identify {unknown}
 m - a scroll of teleportation {unknown}
 n - a scroll of fog {unknown}
Potions
 f - a potion of flight {unknown}
 h - a potion of cancellation {unknown}
Books
 b - a book of Flames

   Spells                             Type                      Level
   a - Flame Tongue                   Conjuration/Fire             1
   b - Throw Flame                    Conjuration/Fire             2
   c - Conjure Flame                  Conjuration/Fire             3
   d - Inner Flame                    Hexes/Fire                   3
   e - Sticky Flame                   Conjuration/Fire             4
   f - Fireball                       Conjuration/Fire             5
Comestibles
 c - 3 bread rations
 d - 4 chunks of flesh


   Skills:
 - Level 2.4 Dodging
 - Level 2.4 Stealth
 * Level 4.6 Spellcasting
 + Level 1.8 Conjurations
 + Level 3.8 Fire Magic


You had 2 spell levels left.
You knew the following spells:

 Your Spells              Type           Power        Failure   Level  Hunger
a - Flame Tongue          Conj/Fire      ###..        3%          1    None
b - Throw Flame           Conj/Fire      ###...       6%          2    #......
c - Conjure Flame         Conj/Fire      ###.....     12%         3    ##.....
d - Inner Flame           Hex/Fire       ##......     17%         3    ##.....


Dungeon Overview and Level Annotations

Branches:
Dungeon (2/15)

Altars:
Ashenzari
Dithmenos

Annotations:
D:2 Jessica


Message History

You feel sick.
You see here an adder corpse.
You butcher the adder corpse.
d - 4 chunks of flesh (gained 2)
You see here an adder skeleton.
You start resting.
You feel sick. x2
Magic restored.
You start resting.
You feel sick. x2
You are no longer poisoned.
You start resting.
Jessica the Apprentice Sorceress opens the door.
She is wielding a club.
Unknown command.
Casting: Flame Tongue
Confirm with . or Enter, or press ? or * to list all spells.
Okay, then.
Jessica gestures at you while chanting. Pain shoots through your body!
Ouch! That really hurt!
You die...

..##. ##....## ##.#
.. ##......###.## .
####...÷.#..#.######
.@#..................
_.########.###.......
...'@.....#.# .######
#### #......#.# .#
##..# #.......# .#
##...# ##...@..# .#
##....# ##...#.# .#
##.....# ##..#.#
##......# ##÷#.#
#.......# ###.#
####..### #.# ####.##
.# .....## ....#.#


You could see Jessica.

Vanquished Creatures
  3 adders (D:2)
  2 dart slugs
  4 bats
  2 giant cockroaches (D:2)
  5 kobolds
  A quokka (D:2)
  3 giant newts (D:1)
  7 rats
27 creatures vanquished.

Notes
Turn   | Place    | Note
-------+----------+-------------------------------------------
     0 | D:1      | Kidiri the Deep Elf Fire Elementalist began the quest for the Orb.
     0 | D:1      | Reached XP level 1. HP: 10/10 MP: 6/6
   341 | D:1      | Reached XP level 2. HP: 15/15 MP: 6/8
   348 | D:1      | Learned a level 2 spell: Throw Flame
   607 | D:2      | Reached skill level 4 in Spellcasting
   649 | D:2      | Found a shadowy altar of Dithmenos.
   676 | D:2      | Reached XP level 3. HP: 16/19 MP: 6/10
   681 | D:2      | Learned a level 3 spell: Conjure Flame
   685 | D:2      | Learned a level 3 spell: Inner Flame
   843 | D:2      | Found a shattered altar of Ashenzari.
   843 | D:2      | Noticed Jessica
   915 | D:2      | Killed from afar by Jessica

Vault maps used:
D:1:      dpeg_arrival_ratfight
D:2:      zin_statuary, marbit_many_paths, grunt_dithmenos_smoke_and_mirrors,
          nicolae_ashenzari_panopticon, elyvilon_altar_1, uniq_jessica,
          uniq_natasha

Skill      XL: |  1  2 |
---------------+-------+-----
Spellcasting   | 4 |  4.6
Dodging        | |  2.4
Stealth        | |  2.4
Conjurations   | |  1.8
Fire Magic     | |  3.8

Action                   || total
-------------------------++-------
Melee: Dagger            ||    15
 Cast: Flame Tongue      ||    30
       Throw Flame       ||     2
 Stab: Sleeping          ||     6
Armor: Robe              ||     5
Dodge: Dodged            ||    16
